 Dungeon Crawl Stone Soup version 0.32-a0-28-g8eac1da (webtiles) character file.

Game seed: 460370961420569851

55 Dorkslayer the Ruffian (level 3, -2/23 HPs)
             Began as an Octopode Shapeshifter on Jan 19, 2024.
             Killed from afar by an orc wizard (8 damage)
             ... with a magic dart
             ... on level 3 of the Dungeon.
             The game lasted 00:03:13 (1120 turns).

Dorkslayer the Ruffian (Octopode Shapeshifter)      Turns: 1120, Time: 00:03:14

Health: -2/23      AC:  1    Str: 15    XL:     3   Next: 93%
Magic:  3/3        EV: 28    Int: 12    God:
Gold:   100        SH:  0    Dex: 11    Spells: 2/2 levels left

rFire   . .          .
                       - Unarmed
rCold   . . .        (no shield)
rNeg    . . .        (helmet currently unavailable)
rPois   .            m - amulet of the acrobat
rElec   .            (no ring)
rCorr   .            (no ring)
SInv    .            (no ring)
Will    .....        (no ring)
Stlth   +++          (no ring)
HPRegen 0.23/turn    (no ring)
MPRegen 0.08/turn    (no ring)
                     (no ring)

%: acrobat
@: beast-form, acrobatic
A: beast (slay +1), almost no armour, amphibious, 8 rings, camouflage 1,
gelatinous body 1, (nimble swimmer 1), tentacles
a: Begin Untransformation


You were on level 3 of the Dungeon.
You were a hulking beast.
You visited 1 branch of the dungeon, and saw 3 of its levels.

You collected 100 gold pieces.

Inventory:

Jewellery
 m - an amulet of the acrobat (around mantle)
Talismans
 b - a beast talisman
 c - a flux talisman
Scrolls
 f - a scroll of poison
 h - a scroll of identify {unknown}
 l - a scroll of blinking {unknown}
 o - a scroll of revelation {unknown}
Potions
 a - a potion of lignification
 d - a potion of mutation {unknown}
 e - a potion of enlightenment {unknown}
 g - a potion of magic {unknown}
 i - a potion of invisibility {unknown}
 j - a potion of berserk rage {unknown}
 k - 2 potions of curing {unknown}
 n - a potion of haste {unknown}


   Skills:
 + Level 1.2 Fighting
 + Level 2.0 Dodging
 + Level 1.5 Stealth
 * Level 4.1 Unarmed Combat
 + Level 3.2 Shapeshifting


You had 2 spell levels left.
You didn't know any spells.
Your spell library contained the following spells:

 Spells                   Type           Power      Damage    Failure   Level
 Freeze                   Ice            0%         1d3       32%         1
 Frozen Ramparts          Ice            0%         1d1       69%         3
 Hailstorm                Conj/Ice       0%         3d5       69%         3


Dungeon Overview and Level Annotations

Branches:
Dungeon (3/15)

Altars:


Innate Abilities, Weirdness & Mutations

You are a hulking beast.
Your limbs bulge with bestial killing power. (Slay +1)
You cannot wear most types of armour.
You are amphibious.
You can wear up to eight rings at the same time.
Your skin changes colour to match your surroundings (Stealth+).
Your rubbery body absorbs attacks. (AC +1, EV +1)
((You are camouflaged when in or above water. (Stealth+)))
You have tentacles for arms and can constrict up to eight enemies at once.


Message History

You tentacle-slap the ball python. Your grab misses the ball python.
The ball python is severely wounded.
The ball python barely misses you. The ball python grabs you.
The ball python constricts you.
You barely miss the ball python. Your grab misses the ball python.
You squeeze the ball python.
You kill the ball python!
You see here a ball python corpse.
You see here a +1 pair of gloves.
You see here a +2 pair of boots.
An orc and 2 orc wizards come into view.
The ball python hisses angrily.
The orc wizard shouts!
You hear a shout!
The orc wizard shouts!
The orc wizard gestures wildly while chanting.
The orc wizard flickers and vanishes!
Deactivating autopickup; reactivate with Ctrl-A.
The orc moves out of view.
You closely miss the ball python. You grab the ball python.
Your squeeze misses the ball python. You constrict the ball python.
An orc comes into view. It is wielding a +0 dagger.
The ball python bites you. The ball python grabs you.
The ball python constricts you.
You bludgeon the ball python!
You kill the ball python!
Okay, then.
The air fills with toxic fumes!
As you read the scroll labelled KACACO SYWKUO, it crumbles to dust.
It was a scroll of poison.
The orc wizard casts a spell.
The orc wizard flickers and vanishes!
Okay, then.
Okay, then.
A magic dart appears from out of thin air!
The magic dart hits you.
A puff of flame appears from out of thin air!
The puff of flame hits you!
* * * LOW HITPOINT WARNING * * *
A magic dart appears from out of thin air!
The magic dart hits you!
You die...

#
.###############
..... ...##...
#..####.##.#
#..##...○h.#
#.....#.#○.#
#.###[##.#.#..#
#......#...#.°#
######>..###.{##
#......○.○o.o#
#..†...#.##.##
#...##..... ..
#...####... ..#


There were no monsters in sight!

Vanquished Creatures
  An adder (D:2)
  2 dart slugs
  6 endoplasms
  3 goblins
  3 hobgoblins
  5 quokkas
  6 ball pythons
  2 bats (D:1)
  3 frilled lizards
  5 kobolds (D:1)
  4 rats (D:1)
40 creatures vanquished.

Notes
Turn   | Place    | Note
-------+----------+-------------------------------------------
     0 | D:1      | Dorkslayer the Octopode Shapeshifter began the quest for
                  | the Orb.
     0 | D:1      | Reached XP level 1. HP: 13/13 MP: 1/1
   123 | D:1      | Reached XP level 2. HP: 10/18 MP: 2/2
   527 | D:1      | Reached XP level 3. HP: 23/23 MP: 3/3
   695 | D:2      | Reached skill level 4 in Unarmed Combat
   932 | D:2      | Reached skill level 1 in Stealth
  1120 | D:3      | Killed from afar by an orc wizard

Illustrated notes

Levels and vault maps discovered:
D:1:      reono_arrival_mine, layout_loops_ring
D:2:      layout_basic
D:3:      layout_basic, nicolae_ashenzari_panopticon, trog_three_pillars_becter,
          chequers_ecumenical_altar_lobes, uniq_sigmund

Skill      XL: |  1  2  3 |
---------------+----------+-----
Unarmed Combat | 4 |  4.1
Stealth        | 1 |  1.5
Fighting       | |  1.2
Dodging        | |  2.0
Shapeshifting  | |  3.2

Action                     || total
---------------------------++-------
  Melee: Unarmed           ||    65
         Constrict         ||    16
         Tentacles         ||    13
         Punch             ||     2
    Use: Scroll            ||     1
   Stab: Sleeping          ||    10
         Distracted        ||     1
 Armour: Skin              ||    15
  Dodge: Dodged            ||    32

Table legend: (Time is in decaauts)
 A = Elapsed time spent in this place.
 B = Non-inter-level travel time spent in this place.
 C = Inter-level travel time spent in this place.
 D = Time resting spent in this place.
 E = Time spent auto-exploring this place.
 F = Levels seen in this place.
 G = Mean time per level.
                   A        B        C        D        E       F      G
               +--------+--------+--------+--------+--------+-----+--------+
         Total |   1115 |   1115 |      0 |      0 |    573 |   3 |  371.7 |
       Dungeon |   1115 |   1115 |      0 |      0 |    573 |   3 |  371.7 |
               +--------+--------+--------+--------+--------+-----+--------+

Top non-repeatable levels by time:
     D:1: 646 daAuts
     D:2: 431 daAuts
     D:3: 38 daAuts
